Construct Section Command Post
Selects Australian Defense Battlegroup
Selects Australian Light Infantry Section
Construct Platoon Command Post
Selects 2-pounder Anti-tank Gun Team
2-pounder Anti-tank Gun Team
2-pounder Anti-tank Gun Team
Selects Vehicle Over Repair
Construct Company Command Post
Selects CMP 15cwt Supply Run
Selects Reinforced Resource Caches
Unlock Towed 17-pounder Anti-tank Guns
Selects Archer Tank Destroyer